 Dungeon Crawl Stone Soup version 0.29-a0-43-g62a80824bf (webtiles) character file.

Game seed: 13418355426004475101

77 Crownlay the Digger (level 4, -1/24 HPs)
             Began as a Gargoyle Earth Elementalist on Feb 2, 2022.
             Slain by a black bear (6 damage)
             ... on level 1 of the Dungeon.
             The game lasted 00:02:29 (2097 turns).

Crownlay the Digger (Gargoyle Earth Elementalist)   Turns: 2097, Time: 00:02:30

Health: -1/24      AC:  7    Str: 12    XL:     4   Next: 33%
Magic:  6/8        EV: 11    Int: 17    God:
Gold:   71         SH:  0    Dex: 10    Spells: 7/8 levels left

rFire   . . .      SeeInvis .   h - +1 short sword (speed)
rCold   . . .      Faith    .   (no shield)
rNeg    + . .      Spirit   .   b - +0 robe
rPois   ∞          Reflect  .   g - +0 hat
rElec   +          Harm     .   f - +1 cloak
rCorr   .          Rampage  .   (no gloves)
Will    .....                   (no boots)
Stlth   ++........              (no amulet)
HPRegen 0.08/turn               (no ring)
MPRegen 0.11/turn               (no ring)

@: no status effects
A: sickness immunity, AC +3, negative energy resistance 1, electricity
resistance, torment resistance 1, petrification resistance
a: no special abilities


You were on level 1 of the Dungeon.
You visited 1 branch of the dungeon, and saw 2 of its levels.

You collected 71 gold pieces.

Inventory:

Hand Weapons
 h - a +1 short sword of speed (weapon)
Armour
 b - a +0 robe (worn)
 f - a +1 cloak (worn)
 g - a +0 hat (worn)
Scrolls
 a - 2 scrolls of identify {unknown}
 d - a scroll of enchant weapon {unknown}
 e - a scroll of immolation {unknown}


   Skills:
 - Level 1.5 Dodging
 - Level 2.1 Stealth
 + Level 2.8 Spellcasting
 - Level 0.7 Transmutations
 * Level 5.4 Earth Magic


You had 7 spell levels left.
You knew the following spells:

 Your Spells              Type           Power      Damage    Failure   Level
a - Sandblast             Erth           40%        2d10      1%          1

Your spell library contained the following spells:

 Spells                   Type           Power      Damage    Failure   Level
 Passwall                 Tmut/Erth      10%        N/A       8%          2
 Stone Arrow              Conj/Erth      22%        3d8       17%         3
 Petrify                  Tmut/Erth      12%        N/A       45%         4


Dungeon Overview and Level Annotations

Branches:
Dungeon (2/15)

Altars:

Annotations:
D:2 Sigmund


Innate Abilities, Weirdness & Mutations

You are immune to sickness and miasma.
Your stone body is resilient. (AC +3)
You are immune to poison.
You resist negative energy. (rN+)
You are resistant to electric shocks. (rElec)
You are resistant to unholy torment.
You are immune to petrification.


Message History

There is an escape hatch in the ceiling here.
The black bear barely misses you.
The black bear claws you but does no damage. x2
A mysterious force pulls you upwards. The hatch slams shut behind you.
Reactivating autopickup.
Casting: Sandblast (safe; 1% risk of failure)
Confirm with . or Enter, or press ? or * to list all spells.
Aiming: Sandblast (safe; 1% risk of failure)
Press: ? - help, Shift-Dir - straight line, f - black bear
Aim: a black bear (86% to hit)
The blast of sand hits the black bear!
The black bear is heavily wounded.
You now have no stones remaining.
The black bear bites you. The black bear claws you.
The black bear claws you but does no damage.
Casting: Sandblast (safe; 1% risk of failure)
Confirm with . or Enter, or press ? or * to list all spells.
You don't have any stones to cast with.
Unknown command.
Casting: Sandblast (safe; 1% risk of failure)
Confirm with . or Enter, or press ? or * to list all spells.
You don't have any stones to cast with.
Okay, then.
You hit the black bear.
The black bear is severely wounded.
The black bear goes berserk!
You barely miss the black bear.
The black bear is severely wounded.
The black bear misses you.
The black bear claws you but does no damage.
The black bear closely misses you.
You hit the black bear.
The black bear is severely wounded.
The black bear bites you.
* * * LOW HITPOINT WARNING * * *
The black bear claws you but does no damage. x2
You hit the black bear.
The black bear is almost dead.
The black bear bites you.
You die...

#.#.# #....##..####.#####.....##
#.#.####....##...# #.# #.....#
#.#.........##.#.# #.# #.#####
#.######....##.#.###.### #.# #.#
#....##.#..##...###.# #.#
######'###.##.##...#...# #.#
#.......##.##..#...#...# #.#
#.......##.###.#.###..)# #.#
#.......##..@h.......#.# #.#
#.......######.....#.#.#
#.###...........##.....#.#.#
#...............##.....#.#.######
#####...........###..###.#.......
# #######.....####>###.#..#####
#............#.#..#....
#............#.#..#.### ♣♣♣♣
######......^#.#..#.#


You could see a black bear (berserk).

Vanquished Creatures
  4 adders (D:2)
  A dart slug (D:1)
  4 ball pythons (D:1)
  5 endoplasms
  2 goblins
  8 hobgoblins
  7 kobolds
  A quokka (D:2)
  3 bats (D:1)
  A rat (D:1)
36 creatures vanquished.

Notes
Turn   | Place    | Note
-------+----------+-------------------------------------------
     0 | D:1      | Crownlay the Gargoyle Earth Elementalist began the quest
                  | for the Orb.
     0 | D:1      | Reached XP level 1. HP: 10/10 MP: 3/3
   258 | D:1      | Reached skill level 4 in Earth Magic
   415 | D:1      | Reached XP level 2. HP: 15/15 MP: 3/5
   498 | D:1      | Found a faded altar of an unknown god.
  1333 | D:1      | Reached XP level 3. HP: 19/19 MP: 3/6
  1750 | D:2      | Reached skill level 5 in Earth Magic
  1765 | D:2      | Reached XP level 4. HP: 24/24 MP: 4/8
  2062 | D:2      | Noticed Sigmund
  2063 | D:2      | Noticed a black bear
  2097 | D:1      | Slain by a black bear

Illustrated notes

Levels and vault maps discovered:
D:1:      psy_arrival_fountain, layout_basic, shapermc_ecumenical_altar_pompeii
D:2:      layout_loops_ring, kennysheep_another_room, uniq_sigmund

Skill      XL: |  1  2  3 |
---------------+----------+-----
Earth Magic    | 4 5 |  5.4
Dodging        | |  1.5
Stealth        | |  2.1
Spellcasting   | |  2.8
Transmutations | |  0.7

Action                   |  1- 3 |  4- 6 || total
-------------------------+-------+-------++-------
Melee: Unarmed           |    13 |       ||    13
       Club              |    23 |       ||    23
       Short sword       |     1 |     7 ||     8
 Cast: Sandblast         |    33 |    18 ||    51
Armor: Robe              |    23 |    10 ||    33
Dodge: Dodged            |    31 |    18 ||    49

Table legend: (Time is in decaauts)
 A = Elapsed time spent in this place.
 B = Non-inter-level travel time spent in this place.
 C = Inter-level travel time spent in this place.
 D = Time resting spent in this place.
 E = Time spent auto-exploring this place.
 F = Levels seen in this place.
 G = Mean time per level.
                   A        B        C        D        E       F      G
               +--------+--------+--------+--------+--------+-----+--------+
         Total |   2101 |   2052 |     49 |      0 |   1785 |   2 | 1050.5 |
       Dungeon |   2101 |   2052 |     49 |      0 |   1785 |   2 | 1050.5 |
               +--------+--------+--------+--------+--------+-----+--------+

Top non-repeatable levels by time:
     D:1: 1518 daAuts
     D:2: 583 daAuts
